 Dungeon Crawl Stone Soup version 0.31-a0-233-g139696dc86 (webtiles) character file.

Game seed: 6723842300710846137

25 qw the Shooter (level 2, -13/24 HPs)
             Began as a Minotaur Hexslinger on July 8, 2023.
             Killed by an exploding kobold (37 damage)
             ... ignited by their inner flame
             ... on level 1 of the Dungeon.
             The game lasted 00:00:13 (252 turns).

qw the Shooter (Minotaur Hexslinger)                 Turns: 252, Time: 00:00:13

Health: -13/24     AC:  6    Str: 12    XL:     2   Next: 82%
Magic:  2/2        EV: 10    Int: 10    God:
Gold:   8          SH:  0    Dex: 12    Spells: 2/3 levels left

rFire   . . .        Y - +1 sling
rCold   . . .        (no shield)
rNeg    . . .        d - +0 ring mail
rPois   .            (helmet restricted)
rElec   .            h - +0 cloak
rCorr   .            (no gloves)
SInv    .            (no boots)
Will    .....        (no amulet)
Stlth   +            (no ring)
HPRegen 0.24/turn    (no ring)
MPRegen 0.08/turn

%: no passive effects
@: no status effects
A: horns 2, retaliatory headbutt
a: no special abilities


You were on level 1 of the Dungeon.
You visited 1 branch of the dungeon, and saw 1 of its levels.

You collected 8 gold pieces.


Innate Abilities, Weirdness & Mutations

You have a pair of horns on your head.
You reflexively headbutt those who attack you in melee.


   Skills:
 - Level 2.0 Fighting
 + Level 3.4 Ranged Weapons
 - Level 2.1 Dodging
 - Level 1.0 Spellcasting
 - Level 2.0 Hexes


You had 2 spell levels left.
You knew the following spells:

 Your Spells              Type           Power      Damage    Failure   Level
a - Slow                  Hex            16%        N/A       34%         1

Your spell library contained the following spells:

 Spells                   Type           Power      Damage    Failure   Level
 Inner Flame              Hex/Fire       2%         N/A       83%         3
 Portal Projectile        Hex/Tloc       4%         N/A       83%         3
 Cause Fear               Hex            2%         N/A       98%         4

Inventory:

Hand Weapons
 Y - a +1 sling (weapon)
Armour
 d - a +0 ring mail (worn)
 h - a +0 cloak (worn)
Potions
 e - a potion of curing {unknown}
 f - a potion of lignification {unknown}
 i - a potion of degeneration {unknown}

Dungeon Overview and Level Annotations

Branches:
Dungeon (1/15)

Altars:


Message History

A goblin and a kobold come into view.
The goblin shouts!
The kobold shouts!
Enter note:
Enter note:
248 ||| READING scroll labelled KUKE OSTRARYMPAGI.
As you read the scroll labelled KUKE OSTRARYMPAGI, it crumbles to dust.
The creatures around you are filled with an inner flame!
It was a scroll of immolation.
249 ||| DROPPING scroll of poison.
You drop a scroll of poison.
You hear a splash.
A kobold comes into view. It is wielding a +0 club.
Enter note:
Enter note:
Enter note:
Enter note:
Enter note:
Enter note: The kobold shouts!
Enter note:
Enter note:
Enter note:
Enter note:
Enter note:
Enter note:
Enter note:
Enter note:
251 ||| Stepping ~*~*~tactically~*~*~ (water).
The goblin closely misses you. The goblin hits you but does no damage.
Enter note:
Enter note:
Enter note:
Enter note:
Enter note:
Enter note: You shoot a sling bullet.
The sling bullet hits the kobold.
You hear a splash. x2
The kobold explodes!
The fiery explosion engulfs you!!!
Ouch! That really hurt!
You die...

77~.~~~~ 7~~.~~~7
7~P.~~~7 7~~.~~P7 ~~7
~P.~~~7 P~~ # 7~.~~~#
~~7. 7~g~~7 ~P7P~#
#77P@~~7## ~~ ~~#
##~7~.¤¤P~# ~P77.#
###[~?P¤P¤K~#
~~~~.#####.%7P~~.P~~7..#
~777.......#~~PP.~~~P#.#
~P77.####..#7P~~.~~~7# #
P~~..# #..#7~~~.~~~#
~7~..####..##~PP.~~##
~7#...........~~.~##


You could see a goblin (inner flame) and a kobold.

Vanquished Creatures
  2 dart slugs (D:1)
  2 bats (D:1)
  2 endoplasms (D:1)
  3 giant cockroaches (D:1)
  2 hobgoblins (D:1)
  5 jackals (D:1)
  A kobold (D:1)
  A rat (D:1)
18 creatures vanquished.

Notes
Turn   | Place    | Note
-------+----------+-------------------------------------------
     0 | D:1      | qw the Minotaur Hexslinger began the quest for the Orb.
     0 | D:1      | Reached XP level 1. HP: 16/16 MP: 1/1
     0 | D:1      | 0 ||| qw: Version: 0.3-a-46-gb1f654a
     0 | D:1      | 0 ||| qw: Game counter: 3505
     0 | D:1      | 0 ||| qw: Melee chars always use a shield: true
     0 | D:1      | 0 ||| qw: God list: Okawaru
     0 | D:1      | 0 ||| qw: Allow faded altars: false
     0 | D:1      | 0 ||| qw: Do Orc after clearing Dungeon:15 true
     0 | D:1      | 0 ||| qw: Do second Lair branch before Depths: true
     0 | D:1      | 0 ||| qw: Lair rune preference: random
     0 | D:1      | 0 ||| qw: Goals: Normal
     0 | D:1      | 0 ||| PLANNING D:1-11
    47 | D:1      | Reached skill level 3 in Ranged Weapons
    47 | D:1      | Reached XP level 2. HP: 11/23 MP: 2/2
    60 | D:1      | 60 ||| FLEEEEING.
    61 | D:1      | 61 ||| FLEEEEING.
    62 | D:1      | 62 ||| FLEEEEING.
    63 | D:1      | 63 ||| FLEEEEING.
    64 | D:1      | 64 ||| FLEEEEING.
    65 | D:1      | 65 ||| FLEEEEING.
    66 | D:1      | 66 ||| FLEEEEING.
    79 | D:1      | 79 ||| FLEEEEING.
    80 | D:1      | 80 ||| FLEEEEING.
    81 | D:1      | 81 ||| FLEEEEING.
    82 | D:1      | 82 ||| FLEEEEING.
    83 | D:1      | 83 ||| FLEEEEING.
   220 | D:1      | 220 ||| UPGRADING to +0 ring mail.
   240 | D:1      | 240 ||| DROPPING +0 robe.
   241 | D:1      | 241 ||| UPGRADING to +0 cloak.
   248 | D:1      | 248 ||| READING scroll labelled KUKE OSTRARYMPAGI.
   249 | D:1      | 249 ||| DROPPING scroll of poison.
   251 | D:1      | 251 ||| Stepping ~*~*~tactically~*~*~ (water).
   252 | D:1      | Killed by an exploding kobold... ignited by their inner
                  | flame

Levels and vault maps discovered:
D:1:      eino_arrival_tree_alley, layout_loops_ring, serial_bayou,
          serial_bayou_pond_d, serial_bayou_lagoon_b, serial_bayou_lake_a,
          serial_bayou_pond_b

Skill      XL: |  1  2 |
---------------+-------+-----
Ranged Weapons | 3 |  3.4
Fighting       | 2 |  2.0
Dodging        | |  2.1
Spellcasting   | |  1.0
Hexes          | |  2.0

Action                     || total
---------------------------++-------
   Fire: Sling             ||    43
    Use: Scroll            ||     1
 Armour: Robe              ||     3
         Ring mail         ||     3
  Dodge: Dodged            ||    28

Table legend:
 A = Non-vault XP
 B = Vault XP
 C = Vault XP percentage of total XP
 D = Non-vault monster count
 E = Vault monster count
 F = Vault count percentage of total count
                 A         B        C        D         E       F
            +---------+---------+-------+---------+---------+-------
      Total |      30 |       7 |  18.9 |      14 |       4 |  22.2
            +---------+---------+-------+---------+---------+-------
        D:1 |      30 |       7 |  18.9 |      14 |       4 |  22.2
            +---------+---------+-------+---------+---------+-------
